 Dungeon Crawl Stone Soup version 0.18-a0-824-g47fe746 (webtiles) character file.

9 Raultor the Slasher (level 2, 16/22 HPs)
             Began as a Demonspawn Gladiator on Dec 17, 2015.
             Quit the game on level 1 of the Dungeon.
             The game lasted 00:00:37 (129 turns).

Raultor the Slasher (Demonspawn Gladiator)           Turns: 129, Time: 00:00:37

Health: 16/22      AC:  4    Str: 15    XL:     2   Next: 3%
Magic:  2/2        EV: 12    Int:  9    God:
Gold:   17         SH:  0    Dex: 13    Spells: 0 memorised, 1 level left

rFire  . . .     SeeInvis .     a - +0 long sword
rCold  . . .     Gourm    .     b - +0 leather armour
rNeg   . . .     Faith    .     (no shield)
rPois  .         Spirit   .     c - +0 helmet
rElec  .         Dismiss  .     (no cloak)
rCorr  .         Reflect  .     (no gloves)
SustAt .         Harm     .     (no boots)
MR     .....                    (no amulet)
Stlth  ++........               (no ring)
                                (no ring)

@: not resistant to hostile enchantments, unstealthy
A: nightstalker 1
a: no special abilities


You were on level 1 of the Dungeon.
You were not hungry.

You visited 1 branch of the dungeon, and saw 1 of its levels.

You collected 17 gold pieces.

Inventory:

Hand Weapons
 a - a +0 long sword (weapon)
Missiles
 d - 3 throwing nets {=f, !d}
Armour
 b - a +0 leather armour (worn)
 c - a +0 helmet (worn)
Scrolls
 e - a scroll of fear {unknown}
 i - a scroll of noise {unknown}
Comestibles
 f - a bread ration {@e1}
 g - 2 chunks of flesh {@w0}
 h - 3 fruits


   Skills:
 + Level 2.2 Fighting
 + Level 2.9 Long Blades
 - Level 1.7 Throwing
 + Level 0.6 Armour
 - Level 2.6 Dodging


You had one spell level left.
You didn't know any spells.

Dungeon Overview and Level Annotations

Branches:
Dungeon (1/15)

Altars:


Innate Abilities, Weirdness & Mutations

You are slightly more attuned to the shadows.


Message History

The bat hits you but does no damage.
You hit the bat. The bat hits you but does no damage.
The bat hits you but does no damage. The bat closely misses you.
The bat hits you but does no damage.
You slash the bat!
You kill the bat!
No target in view!
No target in view!
No target in view!
No target in view!
No target in view!
No target in view!
No target in view!
No target in view!
No target in view!
No target in view!
No target in view!
No target in view!
No target in view!
No target in view!
No target in view!
No target in view!
No target in view!
Found a glowing mace.
h - 3 fruits A goblin comes into view. It is wielding a club.
The goblin shouts!
Health restored: 16 A rat comes into view.
The goblin misses you.
You closely miss the goblin. The goblin closely misses you.
A goblin comes into view. It is wielding a club.
You barely miss the goblin. The rat bites you.
The goblin hits you but does no damage.
You take 3 damage, and have 13/16 hp.
You slash the goblin!
You kill the goblin!
The rat barely misses you. The rat bites you.
You take 2 damage, and have 11/16 hp.
You hit the rat. The rat bites you but does no damage.
You closely miss the rat. The rat barely misses you.
You slash the rat!
You kill the rat!
The goblin barely misses you.
You hit the goblin.
You kill the goblin!
No target in view!
No target in view!
Things that are here:
a club; a goblin corpse You butcher the goblin corpse.
g - 2 chunks of flesh {@w0} (gained 1)
You see here a club.
A giant gecko comes into view.
Things that are here:
a club; a goblin corpse You see here 17 gold pieces.
You miss the giant gecko.
The giant gecko bites you but does no damage.
The giant gecko closely misses you.
You miss the giant gecko. The giant gecko closely misses you.
You closely miss the giant gecko. The giant gecko closely misses you.
The giant gecko barely misses you.
You hit the giant gecko.
You kill the giant gecko!
No target in view!
You now have 17 gold pieces.
A kobold comes into view. It is wielding a short sword.
Found a scroll labeled CATUT SIPNECSU and a short sword.
Found two stone staircases leading down.
You see here a scroll labeled YRAOHU SOHILAE.
The kobold closely misses you.
You hit the kobold.
You kill the kobold!
No target in view!
Things that are here:
a short sword; a kobold corpse
e - a scroll labeled YRAOHU SOHILAE
i - a scroll labeled CATUT SIPNECSU A ball python comes into view.
A giant cockroach comes into view.
You hit the ball python. The ball python misses you.
The ball python closely misses you. The ball python completely misses you.
The ball python misses you.
You closely miss the ball python. The ball python misses you.
The ball python grabs you. The ball python constricts you.
You take 1 damage, and have 12/16 hp.
You slash the ball python!
You kill the ball python!
You have reached level 2!
Your demonic ancestry asserts itself...
You slip into the darkness of the dungeon.
The giant cockroach bites you but does no damage. x2
You closely miss the giant cockroach. The giant cockroach misses you.
You regained 4 hp, and now have 16/22 hp.
MP restored: 2 You hit the giant cockroach.
You kill the giant cockroach!
No target in view!

##.#. #.........# #.
##.....#####
#.###...##.###
##......###...#
###.(...#.#####.####
$.........##.......#
#.#.#....##.......#
# #.@..##.......#
#....##..))...#
#....##>......#
#=...##.>.....#
#.?..##.......#
#...$##.......#
#....##########
######


There were no monsters in sight!

Vanquished Creatures
  A giant gecko (D:1)
  2 bats (D:1)
  A ball python (D:1)
  A giant cockroach (D:1)
  2 goblins (D:1)
  A kobold (D:1)
  2 rats (D:1)
10 creatures vanquished.

Notes
Turn   | Place    | Note
--------------------------------------------------------------
     0 | D:1      | Raultor the Demonspawn Gladiator began the quest for the Orb.
     0 | D:1      | Reached XP level 1. HP: 16/16 MP: 1/1
   126 | D:1      | Gained mutation: You are slightly more attuned to the shadows. [demonic ancestry]
   126 | D:1      | Reached XP level 2. HP: 16/22 MP: 2/2
   129 | D:1      | Quit the game

Vault maps used:
D:1:      erik_arrival_blinker_ship

Action                   || total
-------------------------++-------
Melee: Long sword        ||    29

Vault maps used:
D:1:      erik_arrival_blinker_ship

Table legend:
 A = Turns spent in this place as a percentage of turns spent in the entire game.
 B = Non-inter-level travel turns spent in this place as a percentage of non-inter-level travel turns spent in the entire game.
 C = Inter-level travel turns spent in this place as a percentage of turns spent in this place.
 D = Turns resting spent in this place as a percentage of non-inter-level travel turns spent in this place.
 E = Turns spent auto-exploring this place as a percentage of non-inter-level travel turns spent in this place.
 F = Non-inter-level travel turns spent in this place divided by the number of levels of this place that you've seen.
                   A       B       C       D       E      F
               +-------+-------+-------+-------+-------+----------------------
         Total | 100.0 | 100.0 |   0.0 |   0.0 |  11.4 | 114.0
       Dungeon | 100.0 | 100.0 |   0.0 |   0.0 |  11.4 | 114.0
               +-------+-------+-------+-------+-------+----------------------

Table legend:
 A = Kills in this place as a percentage of kills in entire the game.
 B = Kills by you in this place as a percentage of kills by you in the entire game.
 C = Kills by friends in this place as a percentage of kills by friends in the entire game.
 D = Other kills in this place as a percentage of other kills in the entire game.
 E = Experience gained in this place as a percentage of experience gained in the entire game.
 F = Experience gained in this place divided by the number of levels of this place that you have seen.
                   A       B       C       D       E      F
               +-------+-------+-------+-------+-------+----------------------
         Total | 100.0 | 100.0 |  -nan |  -nan | 100.0 |  13.0
       Dungeon | 100.0 | 100.0 |  -nan |  -nan | 100.0 |  13.0
               +-------+-------+-------+-------+-------+----------------------
